AoeStats
← 8

Arena

509635619Analyzed
4v4 RM · 6d ago on Sep 27, 2026· 28m 15s· 8 players
Game mode
Random Map
Map size
Large (8 player)
Population
200
Speed
Normal
Resources
Standard
Victory
Conquest
Starting age
Dark Age
Ending age
Imperial Age
RankedLock teamsTeams togetherTeam positionsShared explorationLock speedFull tech treeHidden civsTurbo modeCheats
Victory
Defeat
🇺🇸 Khmer · United States
1191
+13
🇺🇸 Cumans · United States
1155
+15
🇳🇱 Teutons · Netherlands
1142
+15
🇺🇸 Dravidians · United States
1115
+16
🇪🇸 Byzantines · Spain
1162
-15
🇨🇳 Danes · China
1151
-16
🇦🇷 Varangians · Argentina
1109
-14
🇨🇳 Spanish · China
1095
-14
Deer in an Ibex Suit
10:38 Feudal Age
8:54 Loom
11:43 Horse Collar
15:11 Castle Age
13:35 Double-Bit Axe
14:28 Gold Mining
16:56 Bow Saw
16:48 Heavy Plow
18:29 Wheelbarrow
19:33 Town Watch
21:50 Hand Cart
24:41 Fervor
24:52 Sanctity
27:27 Imperial Age
25:30 Masonry
29:32 Chemistry
28:36 Stone Mining
El Fantasma de Pancho Villa
14:11 Feudal Age
16:43 Man-at-Arms
17:26 Scale Mail Armor
21:52 Padded Archer Armor
22:15 Forging
27:35 Wheelbarrow
Ra
11:10 Feudal Age
13:51 Castle Age
11:54 Horse Collar
14:44 Double-Bit Axe
17:26 Bloodlines
17:49 Scale Barding Armor
22:01 Loom
22:52 Wheelbarrow
23:38 Chain Barding Armor
25:14 Bow Saw
25:06 Heavy Plow
8
10:24 Feudal Age
14:30 Castle Age
12:33 Double-Bit Axe
13:47 Fletching
17:14 Crossbowman
19:34 Bodkin Arrow
25:34 Wheelbarrow
25:26 Padded Archer Armor
27:32 Loom
XX
0:29 Loom
10:44 Feudal Age
17:30 Castle Age
24:51 Wheelbarrow
24:21 Double-Bit Axe
24:17 Horse Collar
25:26 Scale Barding Armor
27:55 Bloodlines
Omega_U
0:28 Loom
12:23 Feudal Age
16:04 Castle Age
14:50 Stone Mining
15:50 Double-Bit Axe
16:49 Wheelbarrow
16:05 Horse Collar
云雾之森
1:33 Loom
3:00 Loom
3:34 Loom
5:20 Loom
7:40 Loom
11:07 Feudal Age
15:06 Castle Age
13:23 Double-Bit Axe
14:53 Horse Collar
15:44 Loom
16:01 Heavy Plow
18:25 Wheelbarrow
HUOHUO
10:34 Feudal Age
14:33 Castle Age
12:44 Double-Bit Axe
13:16 Gold Mining
13:23 Horse Collar
16:36 Bow Saw
20:11 Stone Mining
23:19 Loom
24:11 Wheelbarrow
Connection lost

Rejoining the realm…

Still unreachable

The connection could not be restored.

Session expired

The server has moved on; the page needs a fresh start.